 Dungeon Crawl Stone Soup version 0.18-a0-1140-g8540535 (webtiles) character file.

760 Chiseanne the Skirmisher (level 7, 0/62 HPs)
             Began as a Centaur Air Elementalist on Jan 21, 2016.
             Was an Initiate of Gozag.
             Killed from afar by an orc (23 damage)
             ... with a wand of lightning
             ... on level 6 of the Dungeon.
             The game lasted 00:17:35 (6220 turns).

Chiseanne the Skirmisher (Centaur Air Elementalist) Turns: 6220, Time: 00:17:36

Health: 0/62       AC:  7    Str: 13    XL:     7   Next: 50%
Magic:  10/10      EV:  9    Int: 16    God:    Gozag
Gold:   352        SH:  7    Dex: 10    Spells: 4 memorised, 3 levels left

rFire  . . .     SeeInvis .     a - +2 mace (crush)
rCold  . . .     Gourm    .     C - +2 leather armour {rPois}
rNeg   . . .     Faith    .     r - +0 shield
rPois  +         Spirit   .     (no helmet)
rElec  .         Dismiss  .     (no cloak)
rCorr  .         Reflect  .     c - +0 pair of gloves
SustAt .         Harm     .     (no barding)
MR     .....                    (no amulet)
Stlth  +.........               A - +3 ring of strength
                                j - +2 ring of evasion

@: gold aura, very quick, not resistant to hostile enchantments, very unstealthy
A: hooves 3, deformed body, speed 2, tough skin 3
a: Potion Petition, Call Merchant, Bribe Branch, Renounce Religion


You were on level 6 of the Dungeon.
You worshipped Gozag.
Gozag was noncommittal.
You were not hungry.

You visited 1 branch of the dungeon, and saw 7 of its levels.
You also visited: Ossuary.

You collected 769 gold pieces.
You spent 396 gold pieces at shops.
You paid 21 gold pieces to Gozag.

Inventory:

Hand Weapons
 a - a +2 mace of crushing (weapon)
 d - a +1 dagger of protection
 s - a +0 dagger of venom
Missiles
 g - 56 bolts
 o - 2 throwing nets (quivered)
Armour
 c - a +0 pair of gloves (worn)
 r - a +0 shield (worn)
 C - a +2 leather armour of poison resistance (worn)
Magical Staves
 x - an uncursed staff of poison
Jewellery
 j - a +2 ring of evasion (left hand)
 v - an uncursed ring of flight
 A - a +3 ring of strength (right hand)
Scrolls
 f - 4 scrolls of remove curse
 n - 3 scrolls of teleportation
 y - 2 scrolls of amnesia
 D - 3 scrolls of fog
 F - a scroll of fear
Potions
 e - a potion of experience {unknown}
 i - a potion of berserk rage {unknown}
 k - 2 potions of agility
 l - a potion of cancellation {unknown}
 m - 3 potions of lignification
 t - a potion of might {unknown}
 u - 2 potions of resistance
 z - a potion of heal wounds {unknown}
 B - a potion of flight
Books
 b - a book of Air

   Spells                             Type                      Level
   a - Shock                          Conjuration/Air              1
   b - Swiftness                      Charms/Air                   2
   c - Repel Missiles                 Charms/Air                   2
   d - Static Discharge               Conjuration/Air              3
   e - Lightning Bolt                 Conjuration/Air              5
 w - a book of Battle

   Spells                             Type                      Level
   a - Infusion                       Charms                       1
   b - Shroud of Golubria             Charms/Translocation         2
   c - Song of Slaying                Charms                       2
   d - Spectral Weapon                Hexes/Charms                 3
   e - Regeneration                   Charms/Necromancy            3
Comestibles
 p - 3 meat rations


   Skills:
 - Level 5.8 Fighting
 * Level 2.7 Armour
 - Level 1.3 Dodging
 - Level 1.2 Stealth
 * Level 2.1 Shields
 - Level 2.3 Spellcasting
 - Level 0.8 Conjurations
 - Level 1.0 Charms
 - Level 2.6 Air Magic


You had 3 spell levels left.
You knew the following spells:

 Your Spells              Type           Power        Failure   Level  Hunger
a - Shock                 Conj/Air       #...         65%         1    #......
b - Repel Missiles        Chrm/Air       #.....       86%         2    ###....
c - Shroud of Golubria    Chrm/Tloc      #.........   96%         2    ###....
d - Song of Slaying       Chrm           #.......     92%         2    ###....


Dungeon Overview and Level Annotations

Branches:
Dungeon (7/15)             Temple (0/1) D:5

Altars:
Ashenzari
Elyvilon
Gozag
Okawaru
Yredelemnul

Shops:
D:4 ?

Annotations:
D:5 Situis's ghost, novice HOFi


Innate Abilities, Weirdness & Mutations

You have hooves in place of feet.
Armour fits poorly on your strangely shaped body.
You cover ground very quickly.
You have extremely tough skin (AC +3).


Message History

The scorpion stings you.
You hit the scorpion but do no damage.
The scorpion looks even sicker.
The scorpion is moderately wounded.
The scorpion stings you!
The orc wizard mumbles some strange words.
The orc wizard blinks!
You hit the scorpion but do no damage. Your kick misses the scorpion.
The scorpion is almost dead.
You kill the scorpion!
The orc is distracted by the nearby gold.
Wield which item (- for none, * to show all)? (? for menu, Esc to quit)
Your +0 dagger of venom stops dripping with poison.
a - a +2 mace of crushing (weapon)
The orc zaps a wand.
The bolt of lightning hits the orc.
The orc dies!
The bolt of lightning hits the goblin skeleton.
The goblin skeleton is destroyed!
The bolt of lightning hits you!
You die...
Your body crumbles into a pile of gold.

.##.#.# ............###....
.##.#.##.###..[.##.......#
..........................
..........####.#.#.###.###
.......####........##..#####
#...#####...###......(......
#..## #.# #.###..o......
...# #.# ##.###o....#.#
##)######.## #..@$$o$####
#.........##...###Z$.#
#.............# #..##
##...........### #...'
(..........### #...#5
...........# #o..# .Z $
##.....[...# #...# '
##.........# ...##
##.........# ....


You could see an orc wizard, 2 orcs and a goblin zombie.

Vanquished Creatures
  A phantom (D:4)
  A centaur (D:6)
  A giant frog (D:6)
  A scorpion (D:6)
  A giant frog skeleton (D:7)
  4 hounds
  An iguana (D:4)
  An orc wizard (D:6)
  3 worker ants
  10 adders
  An ooze (D:1)
  3 worms (D:2)
  4 giant geckos
  7 orcs
  A ball python (D:2)
  5 giant cockroaches
  7 goblins
  7 hobgoblins
  14 jackals
  4 quokkas
  A ball python zombie (D:5)
  10 bats
  A giant gecko skeleton (D:6)
  3 giant newts
  2 hobgoblin zombies (D:6)
  A jackal skeleton (D:4)
  10 kobolds
  A quokka skeleton (D:4)
  12 rats
118 creatures vanquished.

Vanquished Creatures (others)
  An orc (D:6)
  A goblin skeleton (D:6)
  A withered plant (Ossuary)
3 creatures vanquished.

Grand Total: 121 creatures vanquished

Notes
Turn   | Place    | Note
--------------------------------------------------------------
     0 | D:1      | Chiseanne the Centaur Air Elementalist began the quest for the Orb.
     0 | D:1      | Reached XP level 1. HP: 14/14 MP: 3/3
   212 | D:1      | Reached skill level 1 in Fighting
   442 | D:1      | Reached XP level 2. HP: 18/24 MP: 4/4
  1304 | D:2      | Reached XP level 3. HP: 30/30 MP: 0/5
  1305 | D:2      | Found an opulent altar of Gozag.
  1337 | D:2      | Became a worshipper of Gozag Ym Sagoz the Greedy
  1526 | D:1      | Reached skill level 3 in Fighting
  2130 | D:2      | Found an iron altar of Okawaru.
  2157 | D:2      | Reached XP level 4. HP: 39/39 MP: 6/6
  2355 | D:2      | Reached skill level 4 in Fighting
  2385 | D:1      | HP: 2/40 [poisoned by an adder]
  2393 | D:1      | HP: 1/40 [poisoned by an adder]
  3482 | D:3      | Reached XP level 5. HP: 43/47 MP: 7/7
  3982 | D:4      | Found a white marble altar of Elyvilon.
  4033 | D:4      | Reached skill level 5 in Fighting
  4225 | D:4      | Found a basalt altar of Yredelemnul.
  4316 | D:4      | Found Bahoikla's Magic Scroll Boutique.
  4329 | D:4      | Bought a scroll of remove curse for 39 gold pieces
  4329 | D:4      | Bought a scroll of fog for 26 gold pieces
  4329 | D:4      | Bought 2 scrolls of fog for 52 gold pieces
  4329 | D:4      | Bought 2 scrolls of vulnerability for 195 gold pieces
  4329 | D:4      | Bought a scroll of remove curse for 39 gold pieces
  4329 | D:4      | Bought a scroll of fear for 45 gold pieces
  4424 | D:4      | Noticed a phantom
  4435 | D:4      | Killed a phantom
  4435 | D:4      | Reached XP level 6. HP: 53/56 MP: 1/9
  4448 | D:4      | Learned a level 2 spell: Repel Missiles
  4528 | D:4      | Learned a level 2 spell: Shroud of Golubria
  4531 | D:4      | Learned a level 2 spell: Song of Slaying
  4978 | D:5      | Entered Level 5 of the Dungeon
  5000 | D:5      | Reached skill level 1 in Armour
  5225 | D:5      | Noticed Situis's ghost (novice HOFi)
  5398 | D:5      | Found a sand-covered staircase.
  5409 | Ossuary  | Entered an ossuary
  5409 | Ossuary  | Noticed WhatIsLove's ghost (novice DsGl)
  5436 | D:6      | Reached skill level 1 in Charms
  5762 | D:6      | Reached skill level 1 in Shields
  5762 | D:6      | Reached XP level 7. HP: 48/62 MP: 10/10
  6086 | D:6      | Found a shattered altar of Ashenzari.
  6220 | D:6      | Killed from afar by an orc

Vault maps used:
D:1:      dpeg_arrival_subterranean_lakeside_camping, minmay_misc_feat_plants,
          hex_large
D:2:      lemuel_crystal_altar, nicolae_gozag_cash_rules_everything_around_me
D:4:      nicolae_overflow_crystal_walls, kennysheep_mini_moat, serial_shops,
          nicolae_shop_window_shopping
D:5:      temple_pool_b, nicolae_ossuary_entry_false_entrances, first_bread
D:6:      nicolae_tso_besieged_by_evil, evilmike_ruin_ashenzari,
          gammafunk_pakellas_statue_experiment
D:7:      nicolae_ru_sacrificial_ziggurat, nemelex_xobeh_ov_fountains_minmay,
          lemuel_crystal_altar
Ossuary:  ossuary_zaba_flooded

Action                   |  1- 3 |  4- 6 |  7- 9 || total
-------------------------+-------+-------+-------++-------
Melee: Hand axe          |    30 |       |       ||    30
       Club              |     3 |       |       ||     3
       Unarmed           |     1 |       |       ||     1
       Dagger            |    67 |   175 |    40 ||   282
       Mace              |       |    65 |    17 ||    82
 Cast: Shock             |    20 |    15 |       ||    35
       Repel Missiles    |       |     1 |       ||     1
  Use: Scroll            |     5 |     8 |     1 ||    14
 Stab: Distracted        |       |     1 |       ||     1
  Eat: Bread ration      |     1 |     1 |     1 ||     3
       Meat ration       |       |     1 |       ||     1
